 Dungeon Crawl Stone Soup version 0.29.0-4-gdea44cf6ec (webtiles) character file.

Game seed: 16296978512528240483

3456 qw the Cleaver (level 10, -8/64 HPs)
             Began as a Gargoyle Berserker on Sept 4, 2022.
             Was a Priest of Trog.
             Killed from afar by Erica (14 damage)
             ... with a lance of force
             ... on level 8 of the Dungeon.
             The game lasted 00:03:17 (9108 turns).

qw the Cleaver (Gargoyle Berserker)                 Turns: 9108, Time: 00:03:18

Health: -8/64      AC: 24    Str: 31    XL:     10   Next: 6%
Magic:  10/10      EV:  8    Int:  8    God:    Trog [***...]
Gold:   404        SH:  0    Dex:  9    Spells: 9/9 levels left

rFire   . . .      SeeInvis +   Y - +0 hand axe
rCold   . . .      Faith    .   (no shield)
rNeg    + . .      Spirit   .   e - +0 plate armour
rPois   inf        Reflect  .   c - +0 helmet
rElec   +          Harm     .   i - +0 cloak
rCorr   .          Rampage  .   (no gloves)
Will    .....                   b - +0 pair of boots
Stlth   ..........              (no amulet)
HPRegen 0.20/turn               o - ring of see invisible
MPRegen 0.12/turn               d - +6 ring of strength

@: confused, on berserk cooldown, slowed, very slow
A: sickness immunity, AC +7, negative energy resistance 1, electricity
resistance, torment resistance 1, petrification resistance
a: Renounce Religion, Berserk, Trog's Hand


You were on level 8 of the Dungeon.
You worshipped Trog.
Trog was most pleased with you.
You visited 1 branch of the dungeon, and saw 8 of its levels.

You collected 404 gold pieces.


Innate Abilities, Weirdness & Mutations

You are immune to sickness and miasma.
Your stone body is resilient. (AC +7)
You are immune to poison.
You resist negative energy. (rN+)
You are resistant to electric shocks. (rElec)
You are resistant to unholy torment.
You are immune to petrification.


   Skills:
 - Level 8.0 Fighting
 + Level 10.1 Axes
 - Level 1.3 Throwing
 - Level 7.0 Armour
 - Level 1.5 Dodging


You had 9 spell levels left.
You didn't know any spells.
Your spell library was empty.

Inventory:

Hand Weapons
 l - a +0 flail
 Y - a +0 hand axe (weapon)
Missiles
 h - 9 boomerangs (quivered)
Armour
 b - a +0 pair of boots (worn)
 c - a +0 helmet (worn)
 e - a +0 plate armour (worn)
 i - a +0 cloak (worn)
 m - a +1 chain mail of fire resistance
Jewellery
 d - a +6 ring of strength (right hand)
 o - a ring of see invisible (left hand)
Scrolls
 a - 4 scrolls of identify
 n - a scroll of enchant armour {unknown}
Potions
 g - a potion of might
 k - a potion of cancellation

Dungeon Overview and Level Annotations

Branches:
Dungeon (8/15)             Temple (0/1) D:5
   Lair: D:8-11

Altars:
Gozag
Kikubaaqudgha
Nemelex Xobeh
Okawaru
Qazlal
Ru
Sif Muna
Trog
Uskayaw
Zin

Annotations:
D:2 1 runed translucent door, Crazy Yiuf
D:7 2 transporters, qw's ghost, novice GrBe
D:8 Erica


Message History

You slam into the rock wall!
Items here: %% )))))) ? [[[[.
Erica points at you and mumbles some strange words.
You are more confused.
You bump into the crystal wall.
Erica points at you and mumbles some strange words.
You resist with significant effort.
Erica hits you with a +4 scimitar of flaming.
Erica burns you. Erica casts a spell at you. The lance of force hits you!
You are knocked back by the lance of force.
You slam into the rock wall!
You see here a bullfrog corpse.
9101 ||| DRINKING potion of heal wounds.
You feel much better. Erica closely misses you.
You're too confused to move!
Erica hits you with a +4 scimitar of flaming.
Erica burns you.
You're too confused to move!
Erica gestures at you while chanting.
You are more confused.
Erica hits you but does no damage.
You bump into the crystal wall.
Erica hits you with a +4 scimitar of flaming.
Erica burns you.
You bump into the rock wall.
Erica hits you with a +4 scimitar of flaming!
Erica burns you. Erica hits you but does no damage.
You bump into the crystal wall.
Erica hits you with a +4 scimitar of flaming.
Erica burns you.
You slash Erica!
Erica is severely wounded.
Erica hits you but does no damage. Erica completely misses you.
You bump into the crystal wall.
Erica points at you and mumbles some strange words.
The lance of force hits you!
You die...

..... .##.# .##.#
.#..# ##?## .)..###
[)....#
##[##.##############
##.##.........)@@..#
.........[....%###.#
##.####........# ..$
...# ##!..##### .###
..## ####...# _.
..####....### .#
...#...#### ..
.......# .# ....##.#


You could see Erica (invisible).

Vanquished Creatures
  An unseen horror (D:5)
  3 yaks (D:8)
  A wyvern (D:8)
  A steam dragon (D:6)
  A sky beast (D:7)
  An orc warrior (D:7)
  3 ice beasts
  3 phantoms
  A kobold brigand (D:8)
  A gnoll sergeant (D:8)
  3 bullfrogs (D:8)
  A necrophage (D:7)
  2 scorpions
  4 wights (D:6)
  4 killer bees (D:7)
  2 jellies
  5 orc priests
  4 hounds
  Jessica (D:2)
  5 iguanas
  6 orc wizards
  8 gnolls
  7 adders
  A white imp (D:5)
  An ufetubus (D:6)
  4 worms
  A dart slug (D:4)
  30 orcs
  6 endoplasms
  5 goblins
  5 hobgoblins
  5 quokkas
  7 ball pythons
  7 bats
  8 frilled lizards (D:2)
  11 kobolds
  4 rats
163 creatures vanquished.

Vanquished Creatures (others)
  A fungus (D:3)
  6 plants (D:7)
7 creatures vanquished.

Grand Total: 170 creatures vanquished

Notes
Turn   | Place    | Note
-------+----------+-------------------------------------------
     0 | D:1      | qw the Gargoyle Berserker began the quest for the Orb.
     0 | D:1      | Reached XP level 1. HP: 14/14 MP: 1/1
     0 | D:1      | 0 ||| qw: Version: 0.1-a-103-gd6f5d3a
     0 | D:1      | 0 ||| qw: Game counter: 5616
     0 | D:1      | 0 ||| qw: Always use a shield: true
     0 | D:1      | 0 ||| qw: Do Orc after D:15 true
     0 | D:1      | 0 ||| qw: Do second Lair branch before Depths: true
     0 | D:1      | 0 ||| qw: Lair rune preference: random
     0 | D:1      | 0 ||| qw: Plans: Normal
     0 | D:1      | 0 ||| PLANNING D:1-11
   196 | D:1      | Reached skill level 3 in Axes
   289 | D:1      | Reached XP level 2. HP: 19/19 MP: 2/2
   289 | D:1      | 289 ||| Stepping ~*~*~tactically~*~*~ (stealth).
   588 | D:1      | 588 ||| UPGRADING to +0 helmet.
   593 | D:1      | 593 ||| UPGRADING to +0 ring mail.
   603 | D:1      | 603 ||| DROPPING +0 animal skin.
   604 | D:1      | 604 ||| UPGRADING to +0 cloak.
   609 | D:1      | 609 ||| READING scroll labelled HACLIL YPRUXYWK.
   643 | D:2      | 643 ||| STAIRDANCE
   720 | D:2      | 720 ||| STAIRDANCE
   723 | D:1      | Reached XP level 3. HP: 23/23 MP: 3/3
   781 | D:2      | Noticed Jessica
   784 | D:2      | 784 ||| Stepping ~*~*~tactically~*~*~ (hiding).
   793 | D:2      | Killed Jessica
   794 | D:2      | Reached skill level 4 in Axes
   794 | D:2      | 794 ||| INVOKING Berserk.
   972 | D:2      | 972 ||| INVOKING Berserk.
   974 | D:2      | Reached XP level 4. HP: 28/28 MP: 4/4
  1196 | D:2      | Found a runed translucent door.
  1197 | D:2      | Noticed Crazy Yiuf
  1251 | D:2      | Reached ** piety under Trog
  1608 | D:2      | 1608 ||| UPGRADING to +0 pair of boots.
  1613 | D:2      | 1613 ||| DROPPING amulet of magic regeneration.
  1614 | D:2      | 1614 ||| READING scroll labelled XETEOXK EFUCKA.
  1615 | D:2      | 1615 ||| READING 2 scrolls labelled MESION NEGH.
  1616 | D:2      | 1616 ||| DRINKING 2 fizzy black potions.
  1617 | D:2      | 1617 ||| DROPPING scroll of magic mapping.
  1678 | D:3      | 1678 ||| DROPPING +0 club.
  1710 | D:3      | 1710 ||| Stepping ~*~*~tactically~*~*~ (stealth).
  1711 | D:3      | 1711 ||| Stepping ~*~*~tactically~*~*~ (stealth).
  1714 | D:3      | 1714 ||| Stepping ~*~*~tactically~*~*~ (stealth).
  1732 | D:3      | 1732 ||| Stepping ~*~*~tactically~*~*~ (stealth).
  1733 | D:3      | 1733 ||| Stepping ~*~*~tactically~*~*~ (stealth).
  1733 | D:3      | Found an ancient bone altar of Kikubaaqudgha.
  1735 | D:3      | 1735 ||| Stepping ~*~*~tactically~*~*~ (stealth).
  1736 | D:3      | 1736 ||| Stepping ~*~*~tactically~*~*~ (stealth).
  1737 | D:3      | 1737 ||| Stepping ~*~*~tactically~*~*~ (stealth).
  1815 | D:3      | 1815 ||| Stepping ~*~*~tactically~*~*~ (stealth).
  1879 | D:3      | Found a faded altar of an unknown god.
  1911 | D:3      | 1911 ||| INVOKING Berserk.
  1919 | D:3      | Reached skill level 5 in Axes
  1919 | D:3      | Reached XP level 5. HP: 32/32 MP: 5/5
  1980 | D:3      | 1980 ||| FLEEEEING.
  1981 | D:3      | 1981 ||| FLEEEEING.
  1982 | D:3      | 1982 ||| FLEEEEING.
  1983 | D:3      | 1983 ||| STAIRDANCE
  2062 | D:2      | 2062 ||| READING 3 scrolls labelled EJEHAR SUPTUZINNI.
  2063 | D:2      | 2063 ||| READING 2 scrolls of identify.
  2063 | D:2      | 2063 ||| IDENTIFYING glowing brown potion
  2142 | D:3      | 2142 ||| DROPPING +0 whip.
  2195 | D:3      | 2195 ||| INVOKING Berserk.
  2426 | D:3      | Found an iron altar of Okawaru.
  2547 | D:3      | Found a glowing silver altar of Zin.
  2849 | D:3      | 2849 ||| UPGRADING to +0 plate armour.
  2859 | D:3      | 2859 ||| DROPPING +0 ring mail.
  2860 | D:3      | 2860 ||| DROPPING +0 chain mail.
  2861 | D:3      | 2861 ||| UPGRADING to ring of see invisible.
  2862 | D:3      | 2862 ||| READING scroll labelled EGROHO MIRPHEDD.
  2863 | D:3      | 2863 ||| READING 2 scrolls labelled TEURGH ZICONE.
  2864 | D:3      | 2864 ||| READING scroll labelled OLOLEI UWKUE.
  2865 | D:3      | 2865 ||| READING 2 scrolls of identify.
  2865 | D:3      | 2865 ||| IDENTIFYING fuming sapphire potion
  2866 | D:3      | 2866 ||| DROPPING scroll of butterflies.
  2892 | D:4      | 2892 ||| Stepping ~*~*~tactically~*~*~ (hiding).
  2896 | D:4      | 2896 ||| INVOKING Berserk.
  2900 | D:4      | Reached skill level 3 in Armour
  2900 | D:4      | Reached XP level 6. HP: 38/38 MP: 6/6
  3054 | D:4      | 3054 ||| Stepping ~*~*~tactically~*~*~ (stealth).
  3055 | D:4      | 3055 ||| Stepping ~*~*~tactically~*~*~ (stealth).
  3059 | D:4      | 3059 ||| Stepping ~*~*~tactically~*~*~ (stealth).
  3199 | D:4      | 3199 ||| INVOKING Berserk.
  3425 | D:4      | 3425 ||| INVOKING Berserk.
  3987 | D:4      | 3987 ||| DROPPING ring of magical power.
  3988 | D:4      | 3988 ||| READING 2 scrolls of identify.
  3988 | D:4      | 3988 ||| IDENTIFYING emerald potion
  4049 | D:5      | Entered Level 5 of the Dungeon
  4092 | D:5      | Reached skill level 6 in Axes
  4135 | D:5      | 4135 ||| Stepping ~*~*~tactically~*~*~ (hiding).
  4143 | D:5      | 4143 ||| INVOKING Berserk.
  4152 | D:5      | 4152 ||| Stepping ~*~*~tactically~*~*~ (stealth).
  4180 | D:5      | 4180 ||| FLEEEEING.
  4181 | D:5      | 4181 ||| FLEEEEING.
  4182 | D:5      | 4182 ||| FLEEEEING.
  4183 | D:5      | 4183 ||| FLEEEEING.
  4184 | D:5      | 4184 ||| FLEEEEING.
  4185 | D:5      | 4185 ||| FLEEEEING.
  4186 | D:5      | 4186 ||| FLEEEEING.
  4187 | D:5      | 4187 ||| FLEEEEING.
  4188 | D:5      | 4188 ||| FLEEEEING.
  4189 | D:5      | 4189 ||| FLEEEEING.
  4190 | D:5      | 4190 ||| FLEEEEING.
  4192 | D:5      | 4192 ||| STAIRDANCE
  4286 | D:4      | 4286 ||| READING scroll labelled OVUVIMALIO.
  4289 | D:5      | 4289 ||| STAIRDANCE
  4292 | D:4      | 4292 ||| INVOKING Berserk.
  4401 | D:5      | 4401 ||| STAIRDANCE
  4423 | D:5      | 4423 ||| INVOKING Berserk.
  4558 | D:5      | 4558 ||| INVOKING Berserk.
  4568 | D:5      | Reached XP level 7. HP: 36/43 MP: 7/7
  4580 | D:5      | HP: 8/43 [hound (4)]
  4581 | D:5      | 4581 ||| DRINKING 2 potions of heal wounds.
  4632 | D:5      | 4632 ||| FLEEEEING.
  4642 | D:5      | 4642 ||| STAIRDANCE
  4894 | D:5      | Found a staircase to the Ecumenical Temple.
  4960 | D:5      | Reached skill level 7 in Axes
  5019 | D:5      | Found a bloodstained altar of Trog.
  5031 | D:5      | Reached *** piety under Trog
  5040 | D:5      | Reached XP level 8. HP: 37/50 MP: 8/8
  5283 | D:5      | 5283 ||| READING scroll labelled WEXEODA HEMY.
  5288 | D:5      | 5288 ||| READING scroll labelled ZUTIC ECLA.
  5345 | D:5      | 5345 ||| READING 4 scrolls of identify.
  5345 | D:5      | 5345 ||| IDENTIFYING silvery potion
  5346 | D:5      | 5346 ||| READING 3 scrolls of identify.
  5346 | D:5      | 5346 ||| IDENTIFYING white potion
  5347 | D:5      | 5347 ||| DROPPING potion of magic.
  5348 | D:5      | 5348 ||| DROPPING potion of attraction.
  5378 | D:6      | 5378 ||| PLANNING SEWER
  5485 | D:6      | Found a shimmering blue altar of Sif Muna.
  5485 | D:6      | Found a hide-covered altar of Uskayaw.
  5496 | D:6      | Noticed an unseen horror
  5498 | D:6      | 5498 ||| FLEEEEING.
  5499 | D:6      | 5499 ||| STAIRDANCE
  5548 | D:6      | 5548 ||| STAIRDANCE
  5601 | D:6      | 5601 ||| STAIRDANCE
  5635 | D:6      | 5635 ||| STAIRDANCE
  5688 | D:6      | 5688 ||| STAIRDANCE
  5724 | D:6      | 5724 ||| STAIRDANCE
  5775 | D:6      | 5775 ||| STAIRDANCE
  5797 | D:5      | 5797 ||| INVOKING Berserk.
  5805 | D:5      | Killed an unseen horror
  5806 | D:5      | Reached skill level 6 in Armour
  6006 | D:6      | Reached skill level 1 in Throwing
  6037 | D:6      | 6037 ||| Stepping ~*~*~tactically~*~*~ (stealth).
  6038 | D:6      | 6038 ||| Stepping ~*~*~tactically~*~*~ (stealth).
  6118 | D:6      | 6118 ||| RIP SEWER
  6127 | D:6      | 6127 ||| PLANNING D:1-11
  6204 | D:6      | Found a sacrificial altar of Ru.
  6279 | D:6      | Reached skill level 8 in Axes
  6454 | D:6      | 6454 ||| FLEEEEING.
  6694 | D:6      | 6694 ||| Stepping ~*~*~tactically~*~*~ (stealth).
  6698 | D:6      | 6698 ||| INVOKING Berserk.
  6705 | D:6      | Reached skill level 6 in Fighting
  6705 | D:6      | Reached XP level 9. HP: 56/56 MP: 9/9
  6910 | D:6      | 6910 ||| READING scroll labelled EHEPPO BAFITZU.
  7164 | D:6      | Found a sparkling altar of Nemelex Xobeh.
  7175 | D:6      | 7175 ||| UPGRADING to +6 ring of strength.
  7176 | D:6      | 7176 ||| READING 3 scrolls of identify.
  7176 | D:6      | 7176 ||| IDENTIFYING amethyst potion
  7177 | D:6      | 7177 ||| DROPPING potion of brilliance.
  7242 | D:7      | 7242 ||| Stepping ~*~*~tactically~*~*~ (stealth).
  7243 | D:7      | 7243 ||| Stepping ~*~*~tactically~*~*~ (stealth).
  7244 | D:7      | 7244 ||| Stepping ~*~*~tactically~*~*~ (stealth).
  7265 | D:7      | 7265 ||| FLEEEEING.
  7266 | D:7      | 7266 ||| FLEEEEING.
  7267 | D:7      | 7267 ||| FLEEEEING.
  7268 | D:7      | 7268 ||| FLEEEEING.
  7269 | D:7      | 7269 ||| FLEEEEING.
  7272 | D:7      | 7272 ||| FLEEEEING.
  7273 | D:7      | 7273 ||| FLEEEEING.
  7274 | D:7      | 7274 ||| FLEEEEING.
  7275 | D:7      | 7275 ||| FLEEEEING.
  7276 | D:7      | 7276 ||| FLEEEEING.
  7277 | D:7      | 7277 ||| FLEEEEING.
  7278 | D:7      | 7278 ||| FLEEEEING.
  7280 | D:7      | 7280 ||| FLEEEEING.
  7281 | D:7      | 7281 ||| FLEEEEING.
  7282 | D:7      | 7282 ||| FLEEEEING.
  7283 | D:7      | 7283 ||| FLEEEEING.
  7284 | D:7      | 7284 ||| FLEEEEING.
  7287 | D:7      | 7287 ||| FLEEEEING.
  7288 | D:7      | 7288 ||| FLEEEEING.
  7289 | D:7      | 7289 ||| FLEEEEING.
  7290 | D:7      | 7290 ||| FLEEEEING.
  7291 | D:7      | 7291 ||| FLEEEEING.
  7292 | D:7      | 7292 ||| STAIRDANCE
  7408 | D:7      | 7408 ||| STAIRDANCE
  7569 | D:7      | 7569 ||| FLEEEEING.
  7570 | D:7      | 7570 ||| FLEEEEING.
  7571 | D:7      | 7571 ||| FLEEEEING.
  7572 | D:7      | 7572 ||| STAIRDANCE
  7611 | D:7      | Reached skill level 9 in Axes
  7631 | D:7      | 7631 ||| INVOKING Berserk.
  7733 | D:7      | 7733 ||| INVOKING Berserk.
  7759 | D:7      | 7759 ||| FLEEEEING.
  7762 | D:7      | 7762 ||| STAIRDANCE
  7885 | D:6      | 7885 ||| READING scroll labelled BUHUSEY ZUNAR.
  7911 | D:7      | Found a stormy altar of Qazlal.
  7991 | D:7      | Found a transporter.
  7991 | D:7      | Found a transporter.
  8141 | D:7      | Noticed qw's ghost (novice GrBe)
  8188 | D:7      | Identified the ring "Kumuellu" {rC+ rN++ Str+3 Dex-4
                  | Stlth+}
  8222 | D:7      | 8222 ||| READING scroll labelled FIATHR GOGAFOSE.
  8360 | D:8      | 8360 ||| INVOKING Berserk.
  8367 | D:8      | Reached skill level 10 in Axes
  8632 | D:8      | 8632 ||| Stepping ~*~*~tactically~*~*~ (stealth).
  8637 | D:8      | 8637 ||| Stepping ~*~*~tactically~*~*~ (stealth).
  8651 | D:8      | 8651 ||| INVOKING Berserk.
  8734 | D:8      | 8734 ||| FLEEEEING.
  8740 | D:8      | 8740 ||| STAIRDANCE
  8860 | D:8      | 8860 ||| Stepping ~*~*~tactically~*~*~ (stealth).
  8863 | D:8      | 8863 ||| Stepping ~*~*~tactically~*~*~ (stealth).
  9021 | D:8      | Found an opulent altar of Gozag.
  9034 | D:8      | Reached XP level 10. HP: 63/63 MP: 10/10
  9054 | D:8      | Noticed Erica
  9059 | D:8      | 9059 ||| INVOKING Berserk.
  9081 | D:8      | 9081 ||| DRINKING 3 potions of curing.
  9081 | D:8      | 9081 ||| (to cure confusion)
  9088 | D:8      | 9088 ||| DRINKING 2 potions of curing.
  9088 | D:8      | 9088 ||| (to cure confusion)
  9090 | D:8      | HP: 15/64 [Erica/+4 scimitar of flaming (3)]
  9091 | D:8      | 9091 ||| DRINKING 2 potions of heal wounds.
  9094 | D:8      | 9094 ||| DRINKING potion of curing.
  9094 | D:8      | 9094 ||| (to cure confusion)
  9100 | D:8      | HP: 10/64 [Erica/lance of force (10)]
  9100 | D:8      | HP: 4/64 [rock wall collision (6)]
  9101 | D:8      | 9101 ||| DRINKING potion of heal wounds.
  9105 | D:8      | HP: 14/64 [Erica/+4 scimitar of flaming (8)]
  9106 | D:8      | HP: 6/64 [Erica/+4 scimitar of flaming (2)]
  9108 | D:8      | Killed from afar by Erica

Levels and vault maps discovered:
D:1:      dpeg_arrival_concentric_ovals, layout_rooms, serial_curves,
          eino_curves_01, eino_curves_04, minmay_misc_feat_rows
D:2:      layout_rooms, fountainhead, minmay_lizard_pond, uniq_jessica,
          uniq_crazy_yiuf_cottage
D:3:      layout_basic, mainiacjoe_overflow_concentric_impassable,
          mainiacjoe_overflow_small_starburst, mainiacjoe_overflow_brackets,
          shapermc_ecumenical_altar_acropolis
D:4:      layout_loops_corners
D:5:      layout_rooms, lightli_temple_of_fire, temple_fountains,
          supply_closet_lemuel, hex_tiny
D:6:      layout_cave_pods, mainiacjoe_overflow_alcove_1,
          nicolae_ru_path_of_blood, grunt_temple_overflow_open,
          cheibrodos_sewer_entry_bend
D:7:      layout_rooms, mainiacjoe_overflow_six_doors_small,
          gammafunk_ghost_gnarly_gnolls, minmay_misc_feat_diagonals
D:8:      layout_rooms, nicolae_gozag_cash_rules_everything_around_me,
          hangedman_abyss_or_decor_lesser_grid, uniq_erica

Skill      XL: |  1  2  3  4  5  6  7  8  9 10 |
---------------+-------------------------------+-----
Axes           | 3 4 5 6 7 8 10 | 10.1
Fighting       | 4 5 6 7 8 |  8.0
Armour         | 3 4 6 7 |  7.0
Throwing       | 1 |  1.3
Dodging        | |  1.5

Action                   |  1- 3 |  4- 6 |  7- 9 | 10-12 || total
-------------------------+-------+-------+-------+-------++-------
Melee: Hand axe          |    64 |   190 |   357 |    42 ||   653
       Punch             |     1 |     3 |     2 |     1 ||     7
Throw: Boomerang         |    17 |    64 |    56 |     5 ||   142
Invok: Berserk           |     2 |     9 |     6 |     1 ||    18
  Use: Scroll            |     1 |    10 |     8 |       ||    19
       Potion            |       |     1 |     1 |     5 ||     7
Armor: Animal skin       |    10 |       |       |       ||    10
       Ring mail         |    22 |    45 |       |       ||    67
       Plate armour      |       |    63 |   266 |    25 ||   354
Dodge: Dodged            |    41 |    78 |   130 |    11 ||   260

Table legend:
 A = Non-vault XP
 B = Vault XP
 C = Vault XP percentage of total XP
 D = Non-vault monster count
 E = Vault monster count
 F = Vault count percentage of total count
                 A         B        C        D         E       F
            +---------+---------+-------+---------+---------+-------
      Total |    4889 |      49 |   1.0 |     154 |       9 |   5.5
            +---------+---------+-------+---------+---------+-------
        D:1 |      34 |       0 |   0.0 |      15 |       0 |   0.0
        D:2 |      45 |      44 |  49.4 |      18 |       8 |  30.8
        D:3 |     132 |       0 |   0.0 |      22 |       0 |   0.0
        D:4 |     244 |       0 |   0.0 |      22 |       0 |   0.0
        D:5 |    1118 |       0 |   0.0 |      22 |       0 |   0.0
        D:6 |    1014 |       5 |   0.5 |      20 |       1 |   4.8
        D:7 |     722 |       0 |   0.0 |      11 |       0 |   0.0
        D:8 |    1580 |       0 |   0.0 |      24 |       0 |   0.0
            +---------+---------+-------+---------+---------+-------
